 Dungeon Crawl Stone Soup version 0.19.4-8-ga85b6b9 (webtiles) character file.

97 vatarom the Conjurer (level 4, -6/36 HPs)
             Began as a Draconian Fire Elementalist on Feb 8, 2017.
             Mangled by Exporg's ghost (11 damage)
             ... on level 3 of the Dungeon.
             The game lasted 00:05:10 (2687 turns).

vatarom the Conjurer (Draconian Fire Elementalist)  Turns: 2687, Time: 00:05:10

Health: -6/36      AC:  7    Str: 10    XL:     4   Next: 42%
Magic:  0/7        EV:  9    Int: 17    God:
Gold:   107        SH:  0    Dex: 11    Spells: 3 memorised, 1 level left

rFire  . . .     SeeInvis .     k - +3 dagger (venom)
rCold  . . .     Gourm    .     (armour unavailable)
rNeg   . . .     Faith    .     (no shield)
rPois  .         Spirit   .     (helmet restricted)
rElec  .         Reflect  .     n - +1 cloak
rCorr  .         Harm     .     (no gloves)
MR     .....                    (no boots)
Stlth  ++........               (no amulet)
                                (no ring)
                                c - -3 ring of evasion (curse)

@: no status effects
A: unfitting armour, cold-blooded, AC +5
a: no special abilities


You were on level 3 of the Dungeon.
You were not hungry.

You visited 1 branch of the dungeon, and saw 3 of its levels.

You collected 107 gold pieces.

Inventory:

Hand Weapons
 g - a +0 dagger
 k - a +3 dagger of venom (weapon)
Armour
 n - a +1 cloak (worn)
Jewellery
 c - a cursed -3 ring of evasion (left hand)
Scrolls
 e - 2 scrolls of recharging
 h - 3 scrolls of identify
 l - a scroll of magic mapping
Potions
 i - a potion of curing
Books
 a - a book of Flames

   Spells                             Type                      Level
   a - Flame Tongue                   Conjuration/Fire             1
   b - Throw Flame                    Conjuration/Fire             2
   c - Conjure Flame                  Conjuration/Fire             3
   d - Inner Flame                    Hexes/Fire                   3
   e - Sticky Flame                   Conjuration/Fire             4
   f - Fireball                       Conjuration/Fire             5
Comestibles
 b - 4 bread rations
 d - 4 meat rations
 j - 2 beef jerkies
 p - a slice of pizza


   Skills:
 - Level 2.0 Fighting
 - Level 1.7 Dodging
 - Level 1.7 Stealth
 - Level 2.0 Spellcasting
 + Level 3.8 Conjurations
 - Level 3.0 Fire Magic


You had one spell level left.
You knew the following spells:

 Your Spells              Type           Power        Failure   Level  Hunger
a - Flame Tongue          Conj/Fire      ##...        6%          1    #......
b - Throw Flame           Conj/Fire      ##....       10%         2    ###....
c - Conjure Flame         Conj/Fire      ##......     17%         3    ###....


Dungeon Overview and Level Annotations

Branches:
Dungeon (3/15)

Altars:
Cheibriados
Hepliaklqana
Zin

Annotations:
D:3 Exporg's ghost, amateur MiFi


Innate Abilities, Weirdness & Mutations

Your plain brown scales are hard. (AC +5)
You cannot fit into any form of body armour.
You are cold-blooded and may be slowed by cold attacks.


Message History

Casting: Flame Tongue
Confirm with . or Enter, or press ? or * to list all spells.
Aiming: Flame Tongue
Press: ? - help, Shift-Dir - straight line, f/p - Exporg's ghost
Aim: Exporg's ghost (almost destroyed)
The flame tongue hits Exporg's ghost.
Exporg's ghost is almost destroyed.
Exporg's ghost hits you but does no damage.
You hit Exporg's ghost. You tail-slap Exporg's ghost.
Exporg's ghost is almost destroyed.
Exporg's ghost hits you.
* * * LOW HITPOINT WARNING * * *
Casting: Flame Tongue
Confirm with . or Enter, or press ? or * to list all spells.
You don't know that spell.
Unknown command.
Exporg's ghost whispers, "Meet the emptiness of death!"
Exporg's ghost barely misses you. Exporg's ghost hits you!
You die...

....##....##.###...########
###.##.#..................# #
#..........(.#...######.######
#.......##.#.##### #.......#
#.##.......#.# #..####.#
#.##.#..#.##.# #....##.#
###.##.........##### #.##.##.#
............##.....# #.^.....#
....##.#.#..##..@W.# ####.####
...................# #.#
....#.#.##..#......# #.#
...##.#.##..#......# #.#
#####.#.....#.###### #.# #
#.#..##.#.# #####.# #
#.......#.# #...#.# #
###.......#### #...<.# #
##.###.....### #...###


You could see Exporg's ghost.

Vanquished Creatures
  5 adders
  A leopard gecko (D:1)
  3 orcs (D:2)
  A ball python (D:1)
  4 giant cockroaches
  6 goblins
  6 hobgoblins
  4 jackals (D:3)
  A quokka (D:2)
  3 bats
  A frilled lizard (D:1)
  6 kobolds
  3 rats (D:1)
44 creatures vanquished.

Notes
Turn   | Place    | Note
-------+----------+-------------------------------------------
     0 | D:1      | vatarom the Draconian Fire Elementalist began the quest for the Orb.
     0 | D:1      | Reached XP level 1. HP: 14/14 MP: 3/3
   128 | D:1      | Reached skill level 1 in Fighting
   160 | D:1      | Reached XP level 2. HP: 18/24 MP: 0/5
   164 | D:1      | Learned a level 2 spell: Throw Flame
   850 | D:2      | Found a snail-covered altar of Cheibriados.
   850 | D:2      | Found a glowing silver altar of Zin.
  1041 | D:2      | Reached XP level 3. HP: 29/29 MP: 2/6
  1530 | D:2      | Learned a level 3 spell: Conjure Flame
  1664 | D:2      | Reached XP level 4. HP: 36/36 MP: 2/7
  2072 | D:2      | Found a hazy altar of Hepliaklqana.
  2617 | D:3      | Noticed Exporg's ghost (amateur MiFi)
  2687 | D:3      | Mangled by Exporg's ghost

Skill      XL: |  1  2  3 |
---------------+----------+-----
Fighting       | 1 2 |  2.0
Conjurations   | 2 3 |  3.8
Dodging        | |  1.7
Stealth        | |  1.7
Spellcasting   | |  2.0
Fire Magic     | |  3.0

Action                   |  1- 3 |  4- 6 || total
-------------------------+-------+-------++-------
Melee: Unarmed           |    14 |       ||    14
       Tailslap          |     6 |     4 ||    10
       Dagger            |    19 |    23 ||    42
 Cast: Flame Tongue      |    38 |    10 ||    48
       Throw Flame       |     7 |     4 ||    11
       Conjure Flame     |       |     1 ||     1
  Use: Scroll            |     6 |     4 ||    10
       Potion            |     2 |     2 ||     4
  Eat: Chunk             |     3 |       ||     3
       Bread ration      |       |     1 ||     1
Armor: Skin              |    25 |     6 ||    31
Dodge: Dodged            |    37 |    13 ||    50
